 Dungeon Crawl Stone Soup version 0.27.1-33-g824d729ab1 (webtiles) character file.

Game seed: 5964536119903854085

165 lonewolfV2 the Conjurer (level 5, -4/38 HPs)
             Began as a Draconian Conjurer on Dec 10, 2021.
             Slain by a sickly merfolk siren (12 damage)
             ... in a sewer.
             The game lasted 00:14:04 (3680 turns).

lonewolfV2 the Conjurer (Draconian Conjurer)        Turns: 3680, Time: 00:14:04

Health: -4/38      AC:  5    Str: 10    XL:     5   Next: 21%
Magic:  4/9        EV: 12    Int: 18    God:
Gold:   77         SH:  0    Dex: 10    Spells: 1/9 levels left

rFire    . . .     SeeInvis .     - Unarmed
rCold    . . .     Faith    .   (no shield)
rNeg     . . .     Spirit   .   (armour unavailable)
rPois    .         Reflect  .   (helmet restricted)
rElec    .         Harm     .   (no cloak)
rCorr    .         Rampage  .   (no gloves)
Will     .....                  (no boots)
Stlth    ++........             (no amulet)
HPRegen  0.12/turn              (no ring)
MPRegen  0.11/turn              (no ring)

@: mesmerised
A: AC +5, unfitting armour, cold-blooded
a: no special abilities


You were in a sewer.
You visited 1 branch of the dungeon, and saw 3 of its levels.
You also visited: Sewer.

You collected 77 gold pieces.

Inventory:

Scrolls
 a - 2 scrolls of identify {unknown}
Potions
 b - a potion of attraction {unknown}
 c - a potion of curing {unknown}


   Skills:
 + Level 0.1 Fighting
 + Level 2.5 Dodging
 + Level 2.4 Stealth
 + Level 1.4 Unarmed Combat
 + Level 2.9 Spellcasting
 + Level 5.0 Conjurations


You had one spell level left.
You knew the following spells:

 Your Spells              Type           Power      Damage    Failure   Level
a - Magic Dart            Conj           80%        1d7       1%          1
b - Searing Ray           Conj           40%        3d4       3%          2
c - Dazzling Flash        Conj/Hex       22%        N/A       17%         3
d - Blink                 Tloc           N/A        N/A       24%         2

Your spell library contained the following spells:

 Spells                   Type           Power      Damage    Failure   Level
 Mephitic Cloud           Conj/Pois/Air  8%         N/A       24%         3
 Lesser Beckoning         Tloc           1%         N/A       43%         3
 Ignite Poison            Fire/Tmut/Pois 2%         N/A       45%         3
 Fulminant Prism          Conj/Hex       5%         3d7       50%         4
 Iskenderun's Mystic Bla  Conj/Tloc      11%        2d4       50%         4
 Bolt of Magma            Conj/Fire/Erth 4%         4d5       92%         5
 Manifold Assault         Tloc           2%         N/A       99%         5


Dungeon Overview and Level Annotations

Branches:
Dungeon (3/15)              Sewer (1/1)

Altars:
Kikubaaqudgha


Innate Abilities, Weirdness & Mutations

Your plain brown scales are hard. (AC +5)
You cannot fit into any form of body armour.
You are cold-blooded and may be slowed by cold attacks.


Message History

The searing ray hits the quokka!
You kill the quokka!
The searing ray hits the frilled lizard.
You kill the frilled lizard! (Press . to maintain the ray.)
The sickly merfolk siren chants its luring song.
You cannot move away from the sickly merfolk siren!
You cannot move away from the sickly merfolk siren!
The sickly merfolk siren chants its luring song.
Found 11 gold pieces.
The sickly merfolk siren chants its luring song.
You see here a frilled lizard corpse.
You cannot move away from the sickly merfolk siren!
You cannot move away from the sickly merfolk siren!
Casting: Searing Ray (safe; 3% risk of failure)
Confirm with . or Enter, or press ? or * to list all spells.
Aiming: Searing Ray (safe; 3% risk of failure)
Press: ? - help, Shift-Dir - straight line, f - sickly merfolk siren
Aim: a sickly merfolk siren, wielding a +0 spear (mesmerising, 72% to hit)
The searing ray hits the rat!
You kill the rat!
The searing ray misses the sickly merfolk siren. (Press . to maintain the ray.)
The sickly merfolk siren hits you from afar with a +0 spear.
The rat bites you but does no damage.
You barely miss the rat.
The sickly merfolk siren hits you from afar with a +0 spear!
The rat bites you but does no damage.
You closely miss the rat.
The sickly merfolk siren hits you from afar with a +0 spear!
* * * LOW HITPOINT WARNING * * *
The rat bites you but does no damage.
You hit the rat.
The rat is heavily wounded.
The sickly merfolk siren chants its luring song.
The rat bites you but does no damage.
You hit the rat.
You kill the rat!
The sickly merfolk siren hits you from afar with a +0 spear!
You die...

###≈≈≈.# #∩∩≈≈≈≈.
######## ##
##########≈≈≈≈≈
#$$
#≈≈≈≈≈≈≈†≈≈≈≈≈≈
..
###≈≈≈###########
####≈###≈≈≈#†#
#≈≈≈≈≈≈≈≈≈##.#
#≈≈≈≈≈†@.....#
#≈≈≈†m†#######
≈≈≈...# ≈...##
###


You could see a sickly merfolk siren (mesmerising).

Vanquished Creatures
  A hound (D:2)
  Robin (D:2)
  2 river rats (Sewer)
  2 adders (D:2)
  2 worms (D:3)
  4 dart slugs
  11 endoplasms
  2 giant cockroaches
  9 goblins (D:2)
  8 hobgoblins
  5 quokkas
  5 ball pythons
  3 bats
  5 frilled lizards
  4 kobolds
  14 rats
78 creatures vanquished.

Vanquished Creatures (collateral kills)
  A goblin (D:2)
1 creature vanquished.

Grand Total: 79 creatures vanquished

Notes
Turn   | Place    | Note
-------+----------+-------------------------------------------
     0 | D:1      | lonewolfV2 the Draconian Conjurer began the quest for the
                  | Orb.
     0 | D:1      | Reached XP level 1. HP: 14/14 MP: 3/3
   245 | D:1      | Reached XP level 2. HP: 20/20 MP: 3/5
   248 | D:1      | Learned a level 2 spell: Searing Ray
  1449 | D:1      | Noticed a shining eye
  1473 | D:1      | Noticed a great orb of eyes
  1475 | D:1      | Found a faded altar of an unknown god.
  1477 | D:1      | Noticed an eye of devastation
  1477 | D:1      | Noticed a golden eye
  1491 | D:1      | Reached XP level 3. HP: 26/26 MP: 4/6
  1772 | D:2      | Noticed Robin
  1872 | D:2      | Killed Robin
  1873 | D:2      | Reached XP level 4. HP: 24/33 MP: 2/7
  2228 | D:2      | Learned a level 3 spell: Dazzling Flash
  2231 | D:2      | Learned a level 2 spell: Blink
  2435 | D:2      | Reached skill level 1 in Unarmed Combat
  3071 | D:3      | Found an ancient bone altar of Kikubaaqudgha.
  3138 | D:3      | Found a glowing drain.
  3229 | Sewer    | Entered a sewer
  3257 | Sewer    | Reached XP level 5. HP: 38/38 MP: 7/9
  3308 | Sewer    | Reached skill level 5 in Conjurations
  3680 | Sewer    | Slain by a sickly merfolk siren

Illustrated notes

Levels and vault maps discovered:
D:1:      lightli_arrival_isolated_outpost, layout_basic,
          hellmonk_ecumenical_altar_watching_god, minmay_liquid_box
D:2:      layout_rooms, uniq_robin
D:3:      layout_rooms, nicolae_wu_jian_glorious_leap, general_overflow_altar,
          cheibrodos_sewer_entry_sluice
Sewer:    sewer_sea

Skill      XL: |  1  2  3  4  5 |
---------------+----------------+-----
Stealth        | 2 |  2.4
Dodging        | 2 |  2.5
Unarmed Combat | 1 |  1.4
Conjurations   | 5 |  5.0
Fighting       | |  0.1
Spellcasting   | |  2.9

Action                   |  1- 3 |  4- 6 || total
-------------------------+-------+-------++-------
Melee: Unarmed           |    56 |    45 ||   101
       Tailslap          |     6 |     4 ||    10
 Cast: Magic Dart        |    44 |    53 ||    97
       Searing Ray       |    13 |    13 ||    26
       Blink             |       |     2 ||     2
       Dazzling Flash    |       |     1 ||     1
  Use: Potion            |     1 |     1 ||     2
       Scroll            |       |     3 ||     3
 Stab: Invisible         |       |     1 ||     1
Armor: Skin              |    25 |    28 ||    53
Dodge: Dodged            |    78 |    44 ||   122
